Map: 10000 Feet LE

Players

Lambo

  • Race: Zerg Zerg
  • League: Master
  • Spawn Location: 5:00

LiquidClem (Clem) - Winner!

  • Race: Terran Terran
  • League: Grandmaster
  • Spawn Location: 11:00

VOD

Have the link to the VOD?

Description

Time

  • Played on: Feb. 1, 2026, 9 a.m.
  • Length: 6:03
Show
View Real Time Build Order
Export as new Build Order

Lambo Zerg 

Build Orders: Hatch First 

Get SALT Encoding   

  12  0:00  Drone  
  13  0:07  Drone  
  14  0:14  Extractor, Drone  
  15  0:21  Overlord  
  15  0:40  Drone  
  16  0:45  Hatchery  
  16  0:48  Drone  
  16  0:51  Drone  
  16  0:55  Drone  
  18  1:05  Extractor  
  18  1:10  Spawning Pool  
  16  1:14  Drone  
  16  1:17  Drone  
  18  1:26  Drone  
  19  1:37  Drone  
  20  1:47  Drone  
  21  1:57  Queen x2  
  21  1:58  Zergling x4  
  27  2:07  Drone  
  28  2:09  Overlord  
  28  2:11  Metabolic Boost  
  28  2:28  Drone x2  
  30  2:32  Spore Crawler  
  30  2:34  Drone x2  
  31  2:39  Hatchery  
  31  2:43  Drone  
  30  2:45  Drone  
  31  2:52  Queen  
  33  2:59  Drone  
  33  3:03  Overlord  
  34  3:10  Lair  
  34  3:14  Overlord  
  34  3:18  Drone  
  35  3:24  Drone x3  
  35  3:25  Drone  
  35  3:26  Overlord  
  39  3:39  Zergling x8  
  39  3:40  Zergling x4  
  45  3:43  Pneumatized Carapace  
  45  3:47  Zergling x4  
  47  3:50  Zergling x4  
  47  3:53  Zergling x2  
  50  3:57  Zergling x2  
  51  4:03  Zergling x2  
  51  4:04  Zergling x4  
  53  4:16  Zergling x14  
  58  4:21  Zergling x4  
  60  4:27  Zergling x2  
  61  4:32  Zergling x4  
  61  4:34  Queen  
  61  4:35  Overlord  
  65  4:48  Overlord  
  65  4:54  Zergling x16  
  65  4:55  Overlord  
  73  5:06  Zergling x2  
  73  5:07  Zergling x6  
  77  5:09  Zergling x4  
  69  5:16  Zergling x2  
  69  5:19  Zergling x2  
  69  5:20  Zergling x2  
  59  5:27  Evolution Chamber  
  56  5:34  Zergling x2  
  56  5:35  Zergling x4  
  58  5:36  Zergling x2  
Show
View Real Time Build Order
Export as new Build Order

LiquidClem Terran - Winner!

Build Orders: Reaper Expand 

Get SALT Encoding   

  12  0:00  SCV  
  13  0:12  SCV  
  14  0:16  Supply Depot  
  14  0:24  SCV  
  15  0:38  SCV  
  15  0:40  Barracks  
  16  0:43  Refinery  
  16  0:50  SCV  
  17  1:02  SCV  
  18  1:14  SCV  
  19  1:27  Reaper, Orbital Command  
  20  1:37  Command Center  
  20  1:44  Supply Depot  
  20  1:52  SCV  
  21  1:59  Marine  
  22  2:05  SCV  
  22  2:08  Factory  
  23  2:17  SCV  
  23  2:20  Barracks Reactor  
  24  2:29  SCV  
  25  2:38  Command Center  
  25  2:41  SCV  
  26  2:51  Orbital Command  
  26  2:54  SCV  
  26  2:58  Barracks  
  27  3:04  Refinery  
  27  3:05  Barracks Tech Lab  
  27  3:06  SCV  
  27  3:11  Hellion  
  30  3:15  Hellion  
  30  3:18  SCV  
  34  3:20  SCV  
  34  3:24  Marine  
  34  3:26  Stimpack  
  35  3:30  SCV  
  35  3:32  SCV  
  37  3:42  Marine, SCV  
  37  3:44  SCV  
  37  3:45  Starport  
  37  3:47  Factory Reactor  
  40  3:52  Marine x2  
  40  3:55  Orbital Command  
  42  3:57  SCV  
  42  3:59  SCV  
  42  4:00  Marine  
  41  4:10  SCV  
  41  4:11  SCV  
  41  4:12  Marine  
  41  4:14  Marine  
  43  4:20  SCV  
  43  4:21  Supply Depot  
  43  4:22  SCV, Marine  
  43  4:23  SCV  
  47  4:28  Medivac  
  47  4:29  Medivac, Factory Tech Lab  
  47  4:30  Marine  
  52  4:33  SCV, Marine  
  52  4:34  SCV  
  52  4:35  SCV  
  52  4:38  Refinery  
  56  4:40  Barracks  
  56  4:42  Marine  
  56  4:44  Supply Depot  
  57  4:46  SCV  
  57  4:47  Refinery  
  57  4:48  SCV  
  57  4:50  Siege Tank  
  57  4:51  Marine  
  57  4:52  Marine  
  64  4:58  SCV  
  64  4:59  Orbital Command  
  65  5:03  Marine  
  65  5:04  SCV  
  62  5:09  Marine x2  
  62  5:11  SCV  
  49  5:26  SCV  
  49  5:29  SCV  
  49  5:30  Marine  
  49  5:32  Marine  
  51  5:36  SCV  
  51  5:39  SCV  
  51  5:41  SCV  
Tags
 
Add a new tag
Caveats
  • Supply blocks, unpowered buildings, or Contaminate may cause inaccurate times.
  • Supply counts are checked every 10 seconds.